AoeStats
← EMheLP

Black Forest

504284835Analyzed
4v4 RM · 27d ago on Sep 4, 2026· 44m 57s· 8 players
Game mode
Random Map
Map size
Large (8 player)
Population
200
Speed
Normal
Resources
Standard
Victory
Conquest
Starting age
Dark Age
Ending age
Imperial Age
RankedLock teamsTeams togetherTeam positionsShared explorationLock speedFull tech treeHidden civsTurbo modeCheats
Victory
Defeat
🇭🇷 Persians · Croatia
1404
+13
🇨🇦 Slavs · Canada
1385
+14
🇸🇪 Khmer · Sweden
1369
+14
🇨🇭 Poles · Switzerland
1319
+17
🇲🇦 Mongols · Morocco
1442
-18
🇿🇦 Burgundians · South Africa
1403
-18
🇮🇳 Turks · India
1359
-16
🇵🇱 Lithuanians · Poland
1126
-6
Pancho
1:06 Loom
12:16 Feudal Age
14:00 Double-Bit Axe
16:32 Castle Age
14:44 Horse Collar
30:29 Imperial Age
28:53 Bow Saw
28:38 Gold Mining
28:49 Fletching
29:48 Bodkin Arrow
35:20 Bracer
36:42 Padded Archer Armor
36:43 Scale Mail Armor
36:53 Forging
36:05 Elite Skirmisher
39:00 Squires
38:33 Pikeman
39:30 Chain Mail Armor
39:50 Iron Casting
41:39 Plate Mail Armor
41:44 Iron Casting
43:04 Heavy Plow
44:36 Iron Casting
45:07 Wheelbarrow
44:18 Town Watch
Grand.Saladier
2:09 Loom
15:03 Feudal Age
18:57 Castle Age
16:58 Horse Collar
18:19 Double-Bit Axe
19:18 Bloodlines
24:10 Scale Barding Armor
27:55 Forging
29:09 Wheelbarrow
29:27 Chain Barding Armor
32:36 Iron Casting
32:05 Husbandry
33:38 Hand Cart
34:16 Gold Mining
34:19 Stone Mining
38:53 Imperial Age
37:07 Town Watch
39:00 Cavalier
40:21 Plate Barding Armor
42:17 Bow Saw
42:10 Heavy Plow
43:43 Blast Furnace
44:24 Light Cavalry
45:20 Caravan
Mihoviliam
9:49 Feudal Age
13:47 Castle Age
19:52 Double-Bit Axe
23:09 Wheelbarrow
22:21 Horse Collar
23:33 Bloodlines
25:35 Forging
25:31 Scale Barding Armor
26:14 Hand Cart
25:44 Loom
26:24 Heavy Plow
27:55 Chain Barding Armor
27:29 Gold Mining
27:30 Stone Mining
28:05 Husbandry
29:43 Iron Casting
30:02 Town Watch
34:02 Imperial Age
31:18 Town Watch
33:02 Gold Shaft Mining
34:09 Town Patrol
33:41 Cavalier
35:23 Blast Furnace
34:58 Plate Barding Armor
35:22 Crop Rotation
35:04 Bow Saw
35:03 Savar
37:26 Fletching
38:13 Bodkin Arrow
39:52 Conscription
42:45 Two-Man Saw
41:53 Caravan
43:55 Stone Shaft Mining
EMheLP
8:01 Loom
11:08 Feudal Age
14:23 Castle Age
12:59 Double-Bit Axe
13:33 Horse Collar
16:21 Bow Saw
21:55 Gold Mining
22:26 Stone Mining
25:41 Heavy Plow
28:59 Town Watch
29:50 Wheelbarrow
31:38 Gold Shaft Mining
31:36 Ballistics
33:41 Hand Cart
36:36 Imperial Age
37:31 Scale Barding Armor
37:18 Fletching
37:28 Padded Archer Armor
37:23 Fletching
38:10 Conscription
37:11 Elite Ballista Elephant
38:56 Chemistry
38:09 Siege Engineers
39:17 Double Crossbow
40:46 Masonry
41:35 Hoardings
43:50 Town Patrol
44:54 Sappers
wayneid
0:38 Loom
11:36 Feudal Age
12:21 Double-Bit Axe
15:09 Castle Age
12:52 Horse Collar
15:52 Wheelbarrow
16:36 Bow Saw
28:38 Fletching
30:32 Bodkin Arrow
32:09 Hand Cart
39:09 Imperial Age
39:12 Padded Archer Armor
39:25 Elite Mangudai
40:10 Bracer
40:55 Ballistics
41:43 Chemistry
41:20 Leather Archer Armor
42:19 Conscription
42:24 Bloodlines
42:15 Husbandry
42:23 Thumb Ring
42:48 Parthian Tactics
KoryT
2:05 Loom
13:42 Feudal Age
14:08 Double-Bit Axe
15:30 Horse Collar
18:21 Castle Age
20:37 Bow Saw
22:12 Scale Barding Armor
24:47 Pikeman
26:42 Scale Mail Armor
29:30 Fletching
30:23 Husbandry
30:43 Squires
34:22 Forging
38:51 Heavy Plow
38:49 Gold Mining
38:50 Stone Mining
42:11 Chain Barding Armor
katzzu
0:32 Loom
16:53 Feudal Age
21:24 Castle Age
19:14 Double-Bit Axe
19:12 Horse Collar
25:25 Bow Saw
31:16 Fletching
Lilith Realm
3:35 Double-Bit Axe
3:51 Loom
11:42 Feudal Age
15:41 Castle Age
13:41 Horse Collar
14:14 Bow Saw
22:28 Wheelbarrow
27:12 Hand Cart
26:43 Town Watch
29:02 Heavy Plow
31:45 Imperial Age
30:28 Scale Barding Armor
30:33 Forging
30:29 Fletching
31:03 Husbandry
30:24 Cavalier
31:36 Chain Barding Armor
31:37 Fortified Wall
33:23 Two-Man Saw
33:07 Iron Casting
32:35 Paladin
35:44 Plate Barding Armor
35:14 Pikeman
35:55 Squires
36:20 Gold Mining
36:21 Stone Mining
36:01 Light Cavalry
36:43 Scale Mail Armor
37:47 Blast Furnace
37:39 Coinage
37:52 Bodkin Arrow
38:14 Chain Mail Armor
38:08 Halberdier
39:28 Onager
42:04 Plate Mail Armor
41:35 Bracer
45:06 Burgundian Vineyards
45:21 Conscription
Connection lost

Rejoining the realm…

Still unreachable

The connection could not be restored.

Session expired

The server has moved on; the page needs a fresh start.